 Dungeon Crawl Stone Soup version 0.15.2 (webtiles) character file.

149 Miyamura the Magician (level 5, 0/29 HPs)
             Began as a Deep Elf Fire Elementalist on Dec 11, 2014.
             Killed by miscasting Sticky Flame (17 damage)
             ... on Level 3 of the Dungeon.
             The game lasted 00:10:02 (3554 turns).

Miyamura the Magician (Deep Elf Fire Elementalist)  Turns: 3554, Time: 00:10:02

HP   0/29        AC  4     Str  5      XL: 5   Next:  9%
MP  14/18        EV 13     Int 21      God:
Gold 136         SH  0     Dex 15      Spells:  4 memorised,  0 levels left

rFire  . . .     SeeInvis .     h - +0 dagger
rCold  . . .     Clarity  .     a - +0 robe
rNeg   . . .     rCorr    .     (no shield)
rPois  .         rRot     .     (no helmet)
rElec  .         Spirit   .     (no cloak)
SustAb .         Warding  .     y - +1 pair of gloves
rMut   .         Stasis   .     (no boots)
Gourm  .                        (no amulet)
MR     .....                    (no ring)
                                (no ring)

@: very slightly contaminated, not resistant to hostile enchantments, unstealthy
A: no striking features
a: no special abilities


You were on level 3 of the Dungeon.
You were not hungry.

You visited 1 branch of the dungeon, and saw 3 of its levels.

You collected 136 gold pieces.

Inventory:

Hand weapons
 h - a +0 dagger (weapon)
Armour
 a - a +0 robe (worn)
 y - a +1 pair of gloves (worn)
Magical devices
 x - a wand of magic darts (13)
Comestibles
 c - 3 bread rations
 j - a beef jerky
 q - a meat ration
 s - 4 fruits
 u - 3 rotting chunks of gnoll flesh
 w - 2 chunks of gnoll flesh
Scrolls
 d - 2 scrolls of remove curse {unknown}
 f - 4 scrolls of identify {unknown}
 o - a scroll of fog {unknown}
 t - a scroll of noise {unknown}
Jewellery
 n - an uncursed ring of wizardry {unknown}
Potions
 e - 3 potions of curing {unknown}
 g - a potion of brilliance {unknown}
 i - a potion of resistance {unknown}
 k - 3 potions of heal wounds {unknown}
 l - a potion of cancellation {unknown}
 m - 2 potions of agility {unknown}
 p - a potion of haste {unknown}
 r - a potion of invisibility {unknown}
 v - a potion of poison {unknown}
Books
 b - a book of Flames

   Spells                             Type                      Level
   *Flame Tongue                      Conjuration/Fire             1
   *Throw Flame                       Conjuration/Fire             2
   Conjure Flame                      Conjuration/Fire             3
   Inner Flame                        Hexes/Fire                   3
   *Sticky Flame                      Conjuration/Fire             4
   *Fireball                          Conjuration/Fire             5


   Skills:
 - Level 1.1 Fighting
 + Level 3.5 Dodging
 - Level 2.4 Stealth
 + Level 4.2 Spellcasting
 + Level 2.6 Conjurations
 + Level 4.2 Fire Magic


You couldn't memorise any spells.
You knew the following spells:

 Your Spells              Type           Power        Failure   Level  Hunger
a - Flame Tongue          Conj/Fire      ###..        2%          1    None
b - Throw Flame           Conj/Fire      ###...       4%          2    #......
c - Sticky Flame          Conj/Fire      ###.....     28%         4    ####...
d - Fireball              Conj/Fire      ###.......   78%         5    #####..


Dungeon Overview and Level Annotations

Branches:
Dungeon (3/15)

Altars:
Nemelex Xobeh
Okawaru
Sif Muna
Trog


Message History

The gnoll shouts!
The gnoll hits you with a halberd!
A gnoll is nearby!
A gnoll is nearby!
A gnoll is nearby!
Read which item? (? for menu, Esc to quit)
Okay, then.
Casting: Flame Tongue
Confirm with . or Enter, or press ? or * to list all spells.
Okay, then.
Casting: Flame Tongue
Confirm with . or Enter, or press ? or * to list all spells.
Aiming: Sticky Flame
Press: ? - help, Shift-Dir - straight line, f - gnoll
Aim: a gnoll, wielding a halberd You miscast Sticky Flame.
You are very lightly contaminated with residual magic.
You are caught in a fiery explosion!
The explosion engulfs you!
Ouch! That really hurt!
You die...

#################
#>...............
########....##.#########
#......#....##.##
#.####.#g##.....########
#.#....@................
#.#.......#.....########
#.#.......#.....########
#.#.......)<##..........
#.#.[.....##############
#.#.................##..
#.########..........##.#
#.# #..........##.# #.#
#..........##.#


You could see a gnoll.

Vanquished Creatures
  2 adders
  4 gnolls (D:3)
  A giant mite (D:2)
  An inept feature mimic (D:3)
  A worm (D:2)
  8 bats
  2 giant cockroaches (D:1)
  6 hobgoblins
  4 jackals (D:3)
  6 kobolds
  3 ball pythons
  6 giant newts
  20 goblins
  7 rats
71 creatures vanquished.

Notes
Turn   | Place    | Note
--------------------------------------------------------------
     0 | D:1      | Miyamura, the Deep Elf Fire Elementalist, began the quest for the Orb.
     0 | D:1      | Reached XP level 1. HP: 10/10 MP: 5/5
   331 | D:1      | Reached XP level 2. HP: 15/15 MP: 3/8
   387 | D:1      | Learned a level 2 spell: Throw Flame
  1197 | D:2      | Reached XP level 3. HP: 20/20 MP: 8/11
  1910 | D:2      | Reached skill level 4 in Spellcasting
  2153 | D:2      | Found a bloodstained altar of Trog.
  2155 | D:2      | Found an iron altar of Okawaru.
  2404 | D:2      | Reached XP level 4. HP: 24/24 MP: 11/15
  2706 | D:3      | Found a deep blue altar of Sif Muna.
  2710 | D:3      | Found a sparkling altar of Nemelex Xobeh.
  2933 | D:3      | Reached skill level 1 in Fighting
  3230 | D:3      | Reached XP level 5. HP: 10/29 MP: 4/18
  3427 | D:3      | Learned a level 4 spell: Sticky Flame
  3433 | D:3      | Learned a level 5 spell: Fireball
  3554 | D:3      | Killed by miscasting Sticky Flame

Action                   |  1- 3 |  4- 6 || total
-------------------------+-------+-------++-------
Melee: Unarmed           |     2 |       ||     2
       Dagger            |    21 |       ||    21
 Cast: Flame Tongue      |    73 |    48 ||   121
Evoke: Wand              |       |     1 ||     1
  Eat: Chunk             |     4 |     4 ||     8
